 Dungeon Crawl Stone Soup version 0.27.1-3-gb3d3a73c9e (webtiles) character file.

Game seed: 11249147195062802547

464 jlumianski the Sneak (level 7, -19/38 HPs)
             Began as a Kobold Enchanter on Oct 22, 2021.
             Demolished by Menkaure (21 damage)
             ... on level 4 of the Dungeon.
             The game lasted 00:32:05 (5734 turns).

jlumianski the Sneak (Kobold Enchanter)             Turns: 5734, Time: 00:32:06

Health: -19/38     AC:  3    Str:  5    XL:     7   Next: 29%
Magic:  10/12      EV: 19    Int: 19    God:
Gold:   168        SH:  0    Dex: 15    Spells: 6/12 levels left

rFire    . . .     SeeInvis .   x - +2 short sword (elec)
rCold    . . .     Faith    .   (shield restricted)
rNeg     . . .     Spirit   .   b - +0 robe
rPois    .         Reflect  .   q - +0 helmet
rElec    .         Harm     .   (no cloak)
rCorr    .         Rampage  .   (no gloves)
Will     .....                  (no boots)
Stlth    +++++.....             (no amulet)
HPRegen  0.12/turn              h - +4 ring of evasion
MPRegen  0.13/turn              p - ring of wizardry

@: no status effects
A: small, no large weapons, nightstalker 3
a: no special abilities


You were on level 4 of the Dungeon.
You visited 1 branch of the dungeon, and saw 4 of its levels.

You collected 168 gold pieces.

Inventory:

Hand Weapons
 a - a +1 dagger
 l - a +0 whip of draining
 u - a +2 dagger of draining
 x - a +2 short sword of electrocution (weapon)
Missiles
 i - 106 stones
 r - 31 sling bullets
 t - a curare-tipped dart
 v - 2 poisoned darts
Armour
 b - a +0 robe (worn)
 q - a +0 helmet (worn)
 w - a +0 leather armour
Jewellery
 g - a ring of poison resistance
 h - a +4 ring of evasion (left hand)
 k - a ring of ice
 o - a +6 ring of strength
 p - a ring of wizardry (right hand)
Scrolls
 e - 2 scrolls of amnesia {unknown}
 s - a scroll of blinking {unknown}
Potions
 c - a potion of degeneration
 d - a potion of brilliance
 f - 2 potions of lignification
 j - 2 potions of haste {unknown}
 m - a potion of mutation {unknown}
 n - a potion of invisibility {unknown}


   Skills:
 + Level 1.2 Fighting
 + Level 3.7 Short Blades
 + Level 3.0 Dodging
 + Level 7.2 Stealth
 + Level 3.3 Spellcasting
 + Level 4.2 Hexes
 + Level 1.6 Ice Magic


You had 6 spell levels left.
You knew the following spells:

 Your Spells              Type           Power      Damage    Failure   Level
a - Corona                Hex            21%        N/A       1%          1
b - Ensorcelled Hibernat  Hex/Ice        28%        N/A       2%          2
c - Tukima's Dance        Hex            19%        N/A       3%          3

Your spell library contained the following spells:

 Spells                   Type           Power      Damage    Failure   Level
 Confusing Touch          Hex            19%        N/A       3%          3
 Dazzling Flash           Conj/Hex       22%        N/A       8%          3
 Leda's Liquefaction      Hex/Erth       5%         N/A       24%         4
 Bolt of Magma            Conj/Fire/Erth 1%         4d4       82%         5
 Statue Form              Tmut/Erth      2%         N/A       100%        6


Dungeon Overview and Level Annotations

Branches:
Dungeon (4/15)
 Temple: D:4-7

Altars:

Annotations:
D:4 1 transporter, Libero's ghost, amateur MiBe; Menkaure; Robin


Innate Abilities, Weirdness & Mutations

You are small and have problems with some larger weapons.
You are completely attuned to the shadows.


Message History

Aim: a goblin, wielding a +0 club (chance to affect: 62%)
The goblin looks drowsy...
The helpless goblin fails to defend itself.
You impale the goblin!!
You kill the goblin!
e - 2 scrolls labelled VOIREU PYOF (gained 1)
You now have 168 gold pieces (gained 7).
Things that are here:
a +0 club; a goblin corpse
Casting: Ensorcelled Hibernation (safe; 2% risk of failure)
Confirm with . or Enter, or press ? or * to list all spells.
Aiming: Ensorcelled Hibernation (safe; 2% risk of failure)
Press: ? - help, Shift-Dir - straight line, f - you
Okay, then.
Unknown command.
Casting: Ensorcelled Hibernation (safe; 2% risk of failure)
Confirm with . or Enter, or press ? or * to list all spells.
Aiming: Corona (safe; 1% risk of failure)
Press: ? - help, Shift-Dir - straight line, f - Menkaure
Aim: Menkaure (wandering, hasn't noticed you, chance to affect: 57%) Menkaure is outlined in light.
You hit Menkaure.
Menkaure is lightly damaged.
Menkaure casts a spell at you. Pain shoots through your body!
You hit Menkaure. Lightning courses through Menkaure!
Menkaure is heavily damaged.
Menkaure calls on the powers of darkness!
Your body is wracked with pain!
The orc priest convulses!
The orc priest shouts!
You hit Menkaure.
Menkaure is severely damaged.
The orc priest mumbles some strange prayers to Beogh against you.
Beogh smites you!
* * * LOW HITPOINT WARNING * * *
You hit Menkaure but do no damage.
Menkaure is severely damaged.
Menkaure hits you!!
Ouch! That really hurt!
You die...

#.....# ..≈.......#
####.##### ###. ..........#
#......... .... ........≈.)
#....######...≈o.....)....≈≈.
#....######).................
#........o...................
##########.........####......
#..M?.... ##..... #.≈@.....
#..... #.♣≈..... #.....
#.≈......# ##.....
#..)......####......
#...................
#...................
#....≈≈..........≈≈.
##....≈..........≈..
##................#


You could see Menkaure (corona) and an orc priest.

Vanquished Creatures
  An ogre (D:4)
  A kobold brigand (D:4)
  A scorpion (D:4)
  A water moccasin skeleton (D:4)
  A jelly (D:4)
  An iguana (D:4)
  A gnoll (D:1)
  6 adders
  A worm (D:2)
  3 dart slugs
  An orc (D:4)
  8 endoplasms
  3 giant cockroaches
  7 goblins
  9 hobgoblins
  3 jackals (D:1)
  7 kobolds
  A quokka (D:2)
  5 ball pythons
  8 bats
  6 frilled lizards
  4 rats
79 creatures vanquished.

Vanquished Creatures (others)
  A dancing weapon (D:4)
  15 plants (D:1)
16 creatures vanquished.

Grand Total: 95 creatures vanquished

Notes
Turn   | Place    | Note
-------+----------+-------------------------------------------
     0 | D:1      | jlumianski the Kobold Enchanter began the quest for the
                  | Orb.
     0 | D:1      | Reached XP level 1. HP: 10/10 MP: 3/3
    89 | D:1      | Found a faded altar of an unknown god.
   666 | D:1      | Reached XP level 2. HP: 11/15 MP: 3/5
  1109 | D:1      | Learned a level 2 spell: Ensorcelled Hibernation
  1481 | D:2      | Reached XP level 3. HP: 19/19 MP: 6/6
  2205 | D:2      | Reached skill level 5 in Stealth
  2205 | D:2      | Reached XP level 4. HP: 24/24 MP: 7/7
  3668 | D:3      | Reached XP level 5. HP: 28/28 MP: 5/8
  3672 | D:3      | Learned a level 3 spell: Tukima's Dance
  4605 | D:4      | Reached skill level 6 in Stealth
  4606 | D:4      | Noticed a kobold brigand
  4620 | D:4      | Killed a kobold brigand
  4621 | D:4      | Reached skill level 1 in Ice Magic
  4621 | D:4      | Reached XP level 6. HP: 9/33 MP: 0/10
  4956 | D:4      | Found a transporter.
  4956 | D:4      | Noticed Libero's ghost (amateur MiBe)
  4990 | D:4      | Noticed Robin
  5039 | D:4      | Noticed an ogre
  5429 | D:4      | Killed an ogre
  5430 | D:4      | Reached skill level 1 in Fighting
  5430 | D:4      | Reached skill level 7 in Stealth
  5430 | D:4      | Reached XP level 7. HP: 31/38 MP: 3/11
  5552 | D:4      | Noticed Menkaure
  5734 | D:4      | Demolished by Menkaure

Illustrated notes

Levels and vault maps discovered:
D:1:      zelgadis_glass_arrival_small, layout_loops_ring,
          shapermc_ecumenical_altar_mp_highgroup, serial_bayou,
          serial_bayou_pond_d, serial_bayou_pond_c, serial_bayou_shore_b,
          serial_bayou_pond_b, minmay_pentomino_x4
D:2:      layout_loops_ring
D:3:      layout_basic
D:4:      layout_rooms, tgw_xom, gammafunk_ghost_mausoleum,
          kennysheep_decorative_pillar, kennysheep_path_1, st_stairs_7,
          uniq_crazy_yiuf_cottage, uniq_menkaure, uniq_robin

Skill      XL: |  1  2  3  4  5  6  7 |
---------------+----------------------+-----
Short Blades   | 2 3 |  3.7
Stealth        | 5 6 7 |  7.2
Ice Magic      | 1 |  1.6
Hexes          | 4 |  4.2
Spellcasting   | 3 |  3.3
Fighting       | 1 |  1.2
Dodging        | 3 |  3.0

Action                   |  1- 3 |  4- 6 |  7- 9 || total
-------------------------+-------+-------+-------++-------
Melee: Dagger            |   104 |    84 |       ||   188
       Short sword       |       |     6 |    14 ||    20
 Cast: Corona            |    18 |     5 |     1 ||    24
       Ensorcelled Hiber |     7 |    29 |     5 ||    41
       Tukima's Dance    |       |     3 |     2 ||     5
  Use: Scroll            |       |     4 |       ||     4
       Potion            |       |     1 |       ||     1
 Stab: Sleeping          |    17 |    31 |     3 ||    51
       Distracted        |     1 |       |       ||     1
Armor: Robe              |    22 |     9 |       ||    31
Dodge: Dodged            |   104 |    52 |     8 ||   164
